 Dungeon Crawl Stone Soup version 0.30-a0-141-g30f27751c5 (webtiles) character file.

Game seed: 15676872103692756922

44 qw the Chopper (level 3, -2/23 HPs)
             Began as a Gargoyle Fighter on Sept 25, 2022.
             Killed by an exploding butterfly (25 damage)
             ... ignited by their inner flame
             ... on level 1 of the Dungeon.
             The game lasted 00:00:28 (1225 turns).

qw the Chopper (Gargoyle Fighter)                   Turns: 1225, Time: 00:00:29

Health: -2/23      AC: 12    Str: 21    XL:     3   Next: 60%
Magic:  3/3        EV:  7    Int:  8    God:
Gold:   52         SH:  4    Dex:  9    Spells: 2/2 levels left

rFire   . . .      SeeInvis .    Y - +0 war axe
rCold   . . .      Faith    .    c - +0 buckler
rNeg    + . .      Spirit   .    f - +0 chain mail
rPois   inf        Reflect  .    (no helmet)
rElec   +          Harm     .    (no cloak)
rCorr   .          Rampage  .    (no gloves)
Will    .....                    (no boots)
Stlth   ..........               (no amulet)
HPRegen 0.07/turn                (no ring)
MPRegen 0.08/turn                (no ring)

@: no status effects
A: sickness immunity, AC +3, negative energy resistance 1, electricity
resistance, torment resistance 1, petrification resistance
a: no special abilities


You were on level 1 of the Dungeon.
You visited 1 branch of the dungeon, and saw 1 of its levels.

You collected 52 gold pieces.


Innate Abilities, Weirdness & Mutations

You are immune to sickness and miasma.
Your stone body is resilient. (AC +3)
You are immune to poison.
You resist negative energy. (rN+)
You are resistant to electric shocks. (rElec)
You are resistant to unholy torment.
You are immune to petrification.


   Skills:
 - Level 3.2 Fighting
 + Level 3.5 Axes
 - Level 3.2 Armour
 - Level 3.2 Shields


You had 2 spell levels left.
You didn't know any spells.
Your spell library was empty.

Inventory:

Hand Weapons
 l - a +0 club
 Y - a +0 war axe (weapon)
Armour
 c - a +0 buckler (worn)
 f - a +0 chain mail (worn)
Scrolls
 g - a scroll of teleportation
 h - a scroll of poison
 p - 3 scrolls of vulnerability {unknown}
Potions
 d - a potion of might
 j - a potion of brilliance {unknown}
 k - a potion of curing {unknown}
 n - 2 potions of attraction {unknown}
 o - a potion of ambrosia {unknown}
 q - a potion of invisibility {unknown}

Dungeon Overview and Level Annotations

Branches:
Dungeon (1/15)

Altars:


Message History

You finish putting on your +0 chain mail.
1216 ||| DROPPING +0 scale mail.
You drop a +0 scale mail.
Done exploring.
1217 ||| READING scroll labelled VUKICE VUODEONT.
As you read the scroll labelled VUKICE VUODEONT, it crumbles to dust.
You assume a fearsome visage.
Nothing appears to happen.
It was a scroll of fear.
Done exploring.
1218 ||| READING 2 scrolls labelled BOAGUOTZUM.
As you read the scroll labelled BOAGUOTZUM, it crumbles to dust.
You feel strangely unstable.
It was a scroll of teleportation.
You start waiting.
Your surroundings suddenly seem different.
Done exploring.
1223 ||| READING 2 scrolls labelled VUANIA FOLE.
The air fills with toxic fumes!
As you read the scroll labelled VUANIA FOLE, it crumbles to dust.
It was a scroll of poison.
Done exploring.
1224 ||| READING scroll labelled ANOULA XEDEBRE.
As you read the scroll labelled ANOULA XEDEBRE, it crumbles to dust.
You hear the tinkle of a tiny bell.
It was a scroll of butterflies.
Done exploring.
1225 ||| READING scroll labelled KOHOBI YTIZEWK.
As you read the scroll labelled KOHOBI YTIZEWK, it crumbles to dust.
The creatures around you are filled with an inner flame!
It was a scroll of immolation.
Your butterfly is engulfed in poison gas.
Your butterfly is poisoned.
Your butterfly disappears in a burst of colours!
Your butterfly explodes!
The fiery explosion engulfs your butterfly!!
Your butterfly disappears in a burst of colours!
The fiery explosion engulfs your butterfly!!
Your butterfly disappears in a burst of colours!
The fiery explosion engulfs your butterfly!!
Your butterfly disappears in a burst of colours!
The fiery explosion engulfs you!!
Ouch! That really hurt!
You die...

#.# #.#....# ####### #.# #.#....#
#...... ##.## ##.##...#
#####...... #...#####...#...#
#...#...... ..#.......#.....#
#...#...... #.(.#####...#...#
#...###....
##.##...##.############¤..# #....
..(...####..###¤¤¤bb¤¤¤¤..###....
...#..........+¤@bb¤¤b¤¤.........
.####....##.###bbbb¤bb¤¤.####....
.........##.###bbbb¤b¤¤¤.# ##...#
######...##...b¤b¤b¤b¤¤¤.# #.....
#...######bb¤¤¤b¤¤¤.# #.....
#...# #b¤b¤¤¤¤¤¤.# #..... ####
##### #¤¤¤¤¤¤¤¤¤.# #..... .7.##
##¤¤##########..... ....# ##.#
##....#'#


There were no monsters in sight!

Vanquished Creatures
  A dart slug (D:1)
  2 endoplasms (D:1)
  3 giant cockroaches (D:1)
  5 goblins (D:1)
  2 hobgoblins (D:1)
  8 jackals (D:1)
  A kobold (D:1)
  4 quokkas (D:1)
  2 ball pythons (D:1)
  3 bats (D:1)
  A frilled lizard (D:1)
  2 rats (D:1)
34 creatures vanquished.

Vanquished Creatures (others)
  A fungus (D:1)
  A plant (D:1)
2 creatures vanquished.

Grand Total: 36 creatures vanquished

Notes
Turn   | Place    | Note
-------+----------+-------------------------------------------
     0 | D:1      | qw the Gargoyle Fighter began the quest for the Orb.
     0 | D:1      | Reached XP level 1. HP: 14/14 MP: 1/1
     0 | D:1      | 0 ||| qw: Version: 0.2-a-10-g399e6c4
     0 | D:1      | 0 ||| qw: Game counter: 341
     0 | D:1      | 0 ||| qw: Always use a shield: true
     0 | D:1      | 0 ||| qw: God list: Okawaru
     0 | D:1      | 0 ||| qw: Allow faded altars: false
     0 | D:1      | 0 ||| qw: Do Orc after D:15 true
     0 | D:1      | 0 ||| qw: Do second Lair branch before Depths: true
     0 | D:1      | 0 ||| qw: Lair rune preference: random
     0 | D:1      | 0 ||| qw: Plans: Normal, Zot:1-4, God:TSO, Crypt, Tomb,
                  | Pan, Slime:5, Hells, Abyss, Orb
     0 | D:1      | 0 ||| PLANNING D:1-11
   158 | D:1      | Reached XP level 2. HP: 19/19 MP: 2/2
   239 | D:1      | Found a faded altar of an unknown god.
   283 | D:1      | 283 ||| Stepping ~*~*~tactically~*~*~ (stealth).
   568 | D:1      | Reached skill level 3 in Axes
   660 | D:1      | 660 ||| Stepping ~*~*~tactically~*~*~ (stealth).
   664 | D:1      | Reached XP level 3. HP: 23/23 MP: 3/3
   723 | D:1      | 723 ||| Stepping ~*~*~tactically~*~*~ (stealth).
   724 | D:1      | 724 ||| Stepping ~*~*~tactically~*~*~ (stealth).
   749 | D:1      | 749 ||| Stepping ~*~*~tactically~*~*~ (stealth).
   923 | D:1      | 923 ||| Stepping ~*~*~tactically~*~*~ (stealth).
   924 | D:1      | 924 ||| Stepping ~*~*~tactically~*~*~ (stealth).
  1057 | D:1      | 1057 ||| Stepping ~*~*~tactically~*~*~ (stealth).
  1058 | D:1      | 1058 ||| Stepping ~*~*~tactically~*~*~ (stealth).
  1206 | D:1      | 1206 ||| UPGRADING to +0 chain mail.
  1216 | D:1      | 1216 ||| DROPPING +0 scale mail.
  1217 | D:1      | 1217 ||| READING scroll labelled VUKICE VUODEONT.
  1218 | D:1      | 1218 ||| READING 2 scrolls labelled BOAGUOTZUM.
  1223 | D:1      | 1223 ||| READING 2 scrolls labelled VUANIA FOLE.
  1224 | D:1      | 1224 ||| READING scroll labelled ANOULA XEDEBRE.
  1225 | D:1      | 1225 ||| READING scroll labelled KOHOBI YTIZEWK.
  1225 | D:1      | Killed by an exploding butterfly... ignited by their inner
                  | flame

Levels and vault maps discovered:
D:1:      nzn_arrival_settlement, layout_basic,
          dreamdust_ecumenical_altar_grove, minmay_misc_feat_tower,
          hangedman_feature_mirror, minmay_vboxes

Skill      XL: |  1  2 |
---------------+-------+-----
Axes           | 2 3 |  3.5
Fighting       | |  3.2
Armour         | |  3.2
Shields        | |  3.2

Action                   || total
-------------------------++-------
Melee: War axe           ||   113
  Use: Scroll            ||     5
Armor: Scale mail        ||    48
Dodge: Dodged            ||    78
Block: Buckler           ||    25

Table legend:
 A = Non-vault XP
 B = Vault XP
 C = Vault XP percentage of total XP
 D = Non-vault monster count
 E = Vault monster count
 F = Vault count percentage of total count
                 A         B        C        D         E       F
            +---------+---------+-------+---------+---------+-------
      Total |      50 |      13 |  20.6 |      26 |       8 |  23.5
            +---------+---------+-------+---------+---------+-------
        D:1 |      50 |      13 |  20.6 |      26 |       8 |  23.5
            +---------+---------+-------+---------+---------+-------
